 Dungeon Crawl Stone Soup version 0.31.0-11-ge490571c62 (webtiles) character file.

Game seed: 392152256752331992

3255 MollyMolluskus the Grappler (level 10, -8/71 HPs)
             Began as an Octopode Fighter on Feb 2, 2024.
             Was a Follower of Wu Jian.
             Killed from afar by an orc wizard (11 damage)
             ... with a puff of flame
             ... on level 8 of the Dungeon.
             The game lasted 00:21:59 (6320 turns).

MollyMolluskus the Grappler (Octopode Fighter)      Turns: 6320, Time: 00:21:59

Health: -8/71      AC:  1    Str: 20    XL:     10   Next: 0%
Magic:  10/10      EV: 20    Int: 11    God:    Wu Jian [*.....]
Gold:   0          SH:  5    Dex: 11    Spells: 9/9 levels left

rFire   . .          .
                       - Unarmed
rCold   + + .        a - +1 buckler
rNeg    . . .        (helmet restricted)
rPois   .            v - amulet of regeneration
rElec   .            c - +5 ring of evasion
rCorr   .            e - ring of protection from cold
SInv    .            t - ring of protection from cold
Will    .....        (no ring)
Stlth   +++          (no ring)
HPRegen 1.11/turn    (no ring)
MPRegen 0.12/turn    (no ring)
                     (no ring)

%: no passive effects
@: mighty, studying Short Blades
A: almost no armour, amphibious, 8 rings, camouflage 1, gelatinous body 1,
(nimble swimmer 1), tentacles
a: Renounce Religion


You were on level 8 of the Dungeon.
You worshipped Wu Jian.
Wu Jian was aware of your devotion.
You visited 2 branches of the dungeon, and saw 9 of its levels.

Inventory:

Missiles
 g - a throwing net
Armour
 a - a +1 buckler (worn)
Jewellery
 c - a +5 ring of evasion (left tentacle)
 e - a ring of protection from cold (right tentacle)
 t - a ring of protection from cold (on tentacle)
 v - an amulet of regeneration (around mantle)
Wands
 i - a wand of paralysis (12)
 p - a wand of mindburst (6)
 w - a wand of polymorph (8)
Scrolls
 d - 2 scrolls of revelation
 j - a scroll of immolation
 n - a scroll of blinking
 q - a scroll of teleportation
 r - 2 scrolls of identify
 x - a scroll of fear
Potions
 b - a potion of might
 h - 3 potions of curing
 k - 2 potions of enlightenment
 m - 2 potions of resistance
 o - a potion of lignification
 s - a potion of haste
 u - a potion of mutation


   Skills:
 + Level 7.2 Fighting
 + Level 7.1 Dodging
 - Level 4.0 Stealth
 - Level 4.0 Shields
 * Level 9.6 Unarmed Combat


You had 9 spell levels left.
You didn't know any spells.
Your spell library contained the following spells:

 Spells                   Type           Power      Damage    Failure   Level
 Magic Dart               Conj           0%         1d3       41%         1
 Searing Ray              Conj           0%         2d4       54%         2
 Frozen Ramparts          Ice            0%         1d1       78%         3
 Fulminant Prism          Conj/Alch      0%         3d5       99%         4
 Leda's Liquefaction      Alch/Erth      0%         N/A       99%         4
 Petrify                  Alch/Erth      0%         N/A       99%         4
 Metabolic Englaciation   Hex/Ice        0%         N/A       100%        5


Dungeon Overview and Level Annotations

Branches:
Dungeon (8/15)             Temple (1/1) D:5
   Lair: D:8-11

Altars:
Ashenzari
Cheibriados
Dithmenos
Elyvilon
Fedhas
Gozag
Hepliaklqana
Kikubaaqudgha
Makhleb
Nemelex Xobeh
Okawaru
Qazlal
Ru
Sif Muna
Trog
Uskayaw
Vehumet
Wu Jian
Xom
Yredelemnul
Zin
The Shining One

Shops:
D:2 [

Annotations:
D:8 Pikel


Innate Abilities, Weirdness & Mutations

You cannot wear most types of armour.
You are amphibious.
You can wear up to eight rings at the same time.
Your skin changes colour to match your surroundings (Stealth+).
Your rubbery body absorbs attacks. (AC +1, EV +1)
((You are camouflaged when in or above water. (Stealth+)))
You have tentacles for arms and can constrict up to eight enemies at once.


Message History

The orc wizard struggles to escape constriction.
The steam dragon breathes steam at you.
The ball of steam hits something!
The ball of steam hits you! The bullfrog misses you.
You bludgeon the bullfrog! You grab the bullfrog.
The bullfrog is severely wounded.
You are engulfed in a cloud of scalding steam.
You constrict something. You constrict the orc wizard.
You constrict the bullfrog. The bullfrog misses you.
You block the orc wizard's attack. Something hits you!
Something steals 250 gold pieces!
You now have 97 gold pieces.
Something barely misses you.
You batter the orc wizard!!
You kill the orc wizard!
The Council accepts your kill.
You are engulfed in a cloud of scalding steam.
You constrict something. You constrict the bullfrog.
You block the bullfrog's attack. Something hits you!
* * * LOW HITPOINT WARNING * * *
Something steals 97 gold pieces!
You now have 0 gold pieces.
Something barely misses you. Something hits you.
* * * LOW HITPOINT WARNING * * *
Unknown command.
You closely miss something.
You are engulfed in a cloud of scalding steam.
* * * LOW HITPOINT WARNING * * *
You constrict something. You constrict the bullfrog.
You kill the bullfrog!
The Council accepts your kill. Something hits you.
* * * LOW HITPOINT WARNING * * *
Reactivating autopickup.
You feel a bit more experienced.
You have reached level 10!
You feel stronger.
You hear some strange, mumbled words.
A puff of flame appears from out of thin air!
Deactivating autopickup; reactivate with Ctrl-A.
The puff of flame hits you!
You die...

#....#### ###..
###.......####......#.##
........................
###.##...####.##...#.###
#...'...'..............
#..##...##.####...#..#
###..##...##.# #.......
.<...........####...#
###.............@$..#.#..
........####.####§)§..'..
###.##..# #.####{§§..#..
#.##..####...§.§..§##
#.....##.#..##...§D..
#.#.............§§§....
#.##..##.#..##...§.....
..##...†.....#..#.##D##
#.....#<...........


There were no monsters in sight!

Vanquished Creatures
  Prince Ribbit (D:8)
  A wyvern (D:5)
  An ice beast (D:3)
  2 sky beasts
  2 orc warriors
  A black bear (D:6)
  2 ogres
  A centaur (D:7)
  4 lemures
  3 bullfrogs
  6 scorpions
  3 wights (D:7)
  A howler monkey (D:7)
  5 bombardier beetles
  3 jellies
  6 hounds
  4 orc priests
  A sleepcap (D:5)
  Jessica (D:3)
  5 iguanas
  7 orc wizards
  5 adders
  11 gnolls
  3 white imps
  4 ufetubi
  2 ribbon worms
  A dart slug (D:3)
  21 orcs
  6 ball pythons
  6 endoplasms
  3 giant cockroaches
  14 hobgoblins
  14 jackals
  3 quokkas
  6 bats
  4 frilled lizards
  9 goblins
  3 kobolds
  6 rats
181 creatures vanquished.

Vanquished Creatures (others)
  Maurice (D:8)
1 creature vanquished.

Grand Total: 182 creatures vanquished

Notes
Turn   | Place    | Note
-------+----------+-------------------------------------------
     0 | D:1      | MollyMolluskus the Octopode Fighter began the quest for the
                  | Orb.
     0 | D:1      | Reached XP level 1. HP: 16/16 MP: 1/1
   109 | D:1      | Reached XP level 2. HP: 20/21 MP: 2/2
   493 | D:1      | Reached skill level 1 in Stealth
   904 | D:2      | Reached XP level 3. HP: 20/26 MP: 3/3
  1169 | D:2      | Reached XP level 4. HP: 31/31 MP: 4/4
  1318 | D:2      | Found Dilliu's Antique Armour Shoppe.
  1328 | D:2      | Reached skill level 3 in Unarmed Combat
  1986 | D:3      | Noticed Jessica
  1992 | D:3      | Killed Jessica
  1993 | D:3      | Reached XP level 5. HP: 36/36 MP: 5/5
  2008 | D:3      | Identified the +7 hand axe of Totebef {venom, *Corrode
                  | Will+ Int+2}
  2148 | D:3      | Noticed an ice beast
  2267 | D:3      | Killed an ice beast
  2268 | D:3      | Reached XP level 6. HP: 35/43 MP: 6/6
  2271 | D:3      | Found a shadowy altar of Dithmenos.
  2534 | D:4      | Reached skill level 4 in Unarmed Combat
  2832 | D:4      | Reached XP level 7. HP: 46/48 MP: 7/7
  3403 | D:5      | Entered Level 5 of the Dungeon
  3423 | D:5      | Reached skill level 5 in Unarmed Combat
  3662 | D:5      | Noticed a wyvern
  3669 | D:5      | Reached XP level 8. HP: 48/54 MP: 8/8
  3671 | D:5      | Killed a wyvern
  3672 | D:5      | Reached skill level 5 in Fighting
  3672 | D:5      | Reached skill level 5 in Dodging
  3672 | D:5      | Reached skill level 6 in Unarmed Combat
  3882 | D:5      | Found a sparkling altar of Nemelex Xobeh.
  4022 | D:5      | Found a staircase to the Ecumenical Temple.
  4028 | Temple   | Entered the Ecumenical Temple
  4044 | Temple   | Became a worshipper of the Wu Jian Council
  4185 | D:6      | Reached skill level 7 in Unarmed Combat
  4557 | D:6      | Reached XP level 9. HP: 62/62 MP: 9/9
  4963 | D:6      | Reached skill level 8 in Unarmed Combat
  4971 | D:6      | Reached * piety under Wu Jian
  5387 | D:7      | Found a blossoming altar of Fedhas.
  5403 | D:7      | Identified the +8 sling "Loopy" {flame, rPois rC- Will-
                  | Stlth+}
  5416 | D:7      | HP: 3/63 [orc warrior/+0 war axe (7)]
  5763 | D:7      | Reached skill level 9 in Unarmed Combat
  5953 | D:7      | Found an iron altar of Okawaru.
  5953 | D:7      | Found a bloodstained altar of Trog.
  5954 | D:7      | Found a hazy altar of Hepliaklqana.
  5955 | D:7      | Found a shimmering blue altar of Sif Muna.
  5956 | D:7      | Found a glowing golden altar of the Shining One.
  6092 | D:7      | Found a hide-covered altar of Uskayaw.
  6112 | D:8      | Noticed Prince Ribbit
  6120 | D:8      | Killed Prince Ribbit
  6149 | D:8      | Noticed Pikel
  6307 | D:8      | Noticed Maurice
  6310 | D:8      | Maurice stole a +5 dagger of chaos
  6311 | D:8      | Maurice stole a boomerang
  6317 | D:8      | Something stole 250 gold
  6318 | D:8      | Something stole 97 gold
  6319 | D:8      | HP: 2/64 [something (3)]
  6319 | D:8      | Killed Maurice
  6320 | D:8      | Reached XP level 10. HP: 2/71 MP: 10/10
  6320 | D:8      | Killed from afar by an orc wizard

Illustrated notes

Levels and vault maps discovered:
D:1:      dpeg_arrival_rooms_b, layout_basic, corner_web_ring,
          roderic_roman_lattice
D:2:      minmay_chambers_of_twos, layout_basic, serial_shops, shop,
          kennysheep_minor_cross
D:3:      layout_rooms, nicolae_dithmenos_the_darkroom, minmay_misc_feat_five,
          kennysheep_generic_room_8, uniq_jessica
D:4:      layout_loops_ring
D:5:      layout_loops_ring, nemelex_spade_bored_becter,
          minmay_temple_entry_enclosed_plants, amcnicky_mini_corridor_feature,
          minmay_misc_feat_rugged, minmay_manual_mail
D:6:      layout_rooms
D:7:      layout_cave_pools, mainiacjoe_overflow_alcove_1,
          overflow_temple_1_default, minitemple
D:8:      layout_basic, serial_shops, nicolae_shop_bloodbath_and_beyond,
          uniq_maurice, uniq_pikel, uniq_prince_ribbit1, uniq_erica
Temple:   dshaligram_water_room_temple

Skill      XL: |  1  2  3  4  5  6  7  8  9 |
---------------+----------------------------+-----
Stealth        | 1 2 3 4 |  4.0
Unarmed Combat | 3 4 5 7 9 |  9.6
Fighting       | 4 5 7 |  7.2
Shields        | 4 |  4.0
Dodging        | 4 5 7 |  7.1

Action                     |  1- 3 |  4- 6 |  7- 9 | 10-12 || total
---------------------------+-------+-------+-------+-------++-------
  Melee: Unarmed           |    60 |   125 |   272 |       ||   457
         Constrict         |    18 |    36 |    61 |       ||   115
         Tentacles         |    13 |    26 |    71 |       ||   110
         Punch             |     2 |       |    27 |       ||    29
  Throw: Stone             |     3 |     1 |       |       ||     4
         Boomerang         |       |       |     9 |       ||     9
Ability: Lunge             |       |       |    20 |       ||    20
  Evoke: Wand              |       |       |     2 |       ||     2
    Use: Scroll            |     5 |     8 |     5 |       ||    18
         Potion            |       |     1 |     8 |       ||     9
   Stab: Sleeping          |     4 |    10 |    13 |       ||    27
         Distracted        |       |       |     1 |       ||     1
 Armour: Skin              |    12 |    21 |   109 |     1 ||   143
  Dodge: Dodged            |    43 |    68 |   156 |       ||   267
  Block: Buckler           |     5 |    20 |    55 |       ||    80
